[Event "53rd Mongolian Women-ch 2023"]
[Site "Khovd"]
[Date "2023.05.22"]
[Round "2.1"]
[White "Udval, Enkhsaikhan"]
[Black "Enkhrii Enkh-Amgalan"]
[Result "0-1"]
[ECO "D85"]
[WhiteElo "1682"]
[BlackElo "1448"]
[Annotator "NA COMBH"]
[PlyCount "98"]
[EventDate "2023.05.22"]
[EventType "tourn"]
[EventCountry "MGL"]
[SourceTitle "playchess.com"]
[Source "ChessBase"]
[SourceQuality "1"]
[TimeControl "40/5400+30:1800+30"]

1. d4 Nf6 2. c4 g6 3. Nc3 d5 4. cxd5 Nxd5 5. e4 Nxc3 6. bxc3 Bg7 7. Be3 c5 8. Rc1 Qa5 9. Qd2 Nd7 10. Nf3 O-O 11. Be2 Nf6 12. Bd3 e6 13. O-O b6 14. Ne5 Bb7 15. Nc4 Qa4 16. f3 Rfd8 17. e5 Nd5 18. Nd6 cxd4 19. cxd4 Rxd6 20. Rc4 Qa3 21. exd6 Ba6 22. Bf2 Bxc4 23. Bxc4 Qxd6 24. Bb3 Ne7 25. Rd1 Rd8 26. Qe2 Qb4 27. Qe4 Nd5 28. Rd3 Qb5 29. Rd2 Nc3 30. Qc2 Rc8 31. Qb2 Nd5 32. Rc2 Rd8 33. Qc1 Bf6 34. g3 Kg7 35. Kg2 Rd7 36. Rc4 Qa6 37. h4 Qb7 38. g4 Rc7 39. g5 Be7 40. Bg3 Rxc4 41. Bxc4 Qc6 42. Qe1 Qxc4 43. Qe5+ f6 44. gxf6+ Bxf6 45. Qd6 Qxd4 46. Qd7+ Ne7 47. Qxe6 Nf5 48. Bf2 Nxh4+ 49. Bxh4 Bxh4 0-1

[Event "53rd Mongolian Women-ch 2023"]
[Site "Khovd"]
[Date "2023.05.22"]
[Round "2.3"]
[White "Enkhsaran, Batsaikhan"]
[Black "Altantuya, Boldbaatar"]
[Result "1-0"]
[ECO "E04"]
[WhiteElo "1756"]
[BlackElo "2191"]
[Annotator "TA"]
[PlyCount "101"]
[EventDate "2023.05.22"]
[EventType "tourn"]
[EventCountry "MGL"]
[SourceTitle "playchess.com"]
[Source "ChessBase"]
[SourceQuality "1"]
[TimeControl "40/5400+30:1800+30"]

1. d4 Nf6 2. c4 e6 3. g3 d5 4. Nf3 dxc4 5. Bg2 Nbd7 6. Qc2 {[%emt 0:03:38][%mdl 1024] White has compensation. E04: Open Catalan: 5 Nf3.} b5 7. Ne5 Nd5 {[%emt 0:00:22] [#]} 8. Nc6 $146 {[%emt 0:01:48] The position is equal.} ({Predecessor:} 8. O-O Nxe5 9. dxe5 c6 10. a4 Bb7 11. b3 cxb3 12. Qxb3 a6 13. Nd2 Be7 14. Bb2 {½-½ Prudnikova,E (2150)-Kim,A (2128) RUS Summer U16 Girls 2nd 2005 (3)}) 8... Nb4 9. Qc3 Nxc6 10. Bxc6 Rb8 11. d5 (11. a4 $15) 11... Bb7 (11... exd5 $1 $17 {White should prevent ...b4.} 12. Be3 Bb7 13. Qe5+ Qe7 14. Qxd5 Bxc6 15. Qxc6 Qb4+ 16. Nd2 Bc5 17. Qe4+ (17. Bxc5 Qxc5 18. Qe4+ Qe7 $17) 17... Kf8) 12. Bxb7 Rxb7 13. dxe6 fxe6 14. Qf3 {[%emt 0:01:10] Prevents Nf6.} Nc5 {[%emt 0:04:15] aiming for ...Qd5.} 15. Nc3 {[%emt 0:10:04] Against Qd5} b4 16. Qh5+ $1 Kd7 (16... g6 {looks sharper.} 17. Qe5 Rg8 18. Ne4 Bd6) 17. Nd1 Kc8 18. O-O $1 g6 19. Qg4 (19. Qe5 $14 {should be considered.} Bd6 20. Qd4) 19... c3 20. bxc3 $16 Bg7 21. Be3 Na4 {[%emt 0:05:37] [#]} 22. Qxe6+ ({Only move:} 22. a3 $1 $16) 22... Kb8 (22... Qd7 $1 $11 {remains equal.} 23. Qxd7+ Kxd7) 23. Rb1 {[%emt 0:03:35] Black must now prevent Qa6.} Nxc3 24. Nxc3 Bxc3 {[%emt 0:00:12] [#]} 25. a3 $1 Qd6 {[%emt 0:07:56] [#] Inhibits Rfd1.} (25... Qe8 $16 26. Qb3 Qe4) (25... Bd4 26. Bxd4) 26. Qc4 $1 $18 a5 $2 (26... Rd8 {was necessary.} 27. Bc5 Qf6) 27. Bc5 Qf6 28. axb4 axb4 29. Bxb4 Bd4 30. e3 Bb2 31. Qb3 c5 32. Qxb2 Qxb2 33. Rxb2 cxb4 {[%emt 0:00:31][%mdl 4096] Endgame KRR-KRR} 34. Rfb1 Kc7 35. Rxb4 Ra7 36. Rd4 Ra2 37. Rc1+ {[%emt 0:00:22] White is clearly winning.} Kb6 38. Rb4+ Ka7 39. Rcb1 Rf8 40. R4b2 Ra3 41. Rb7+ Ka8 42. Rxh7 Ra2 43. Rh4 g5 44. Rhb4 Rfxf2 {[%emt 0:02:07] [#]} 45. Ra4+ $3 {[%emt 0:00:09][%mdl 576] Deflection} Rxa4 46. Kxf2 {[%emt 0:00:12] KR-KR} g4 47. Rb2 Ka7 48. Ke2 Ra3 49. e4 Ka6 50. e5 Ra5 51. Ke3 {[%emt 0:00:13] A cool game by Enkhsaran.   Weighted Error Value: White=0.15 (very precise) /Black=0.44} 1-0

[Event "53rd Mongolian Women-ch 2023"]
[Site "Khovd"]
[Date "2023.05.22"]
[Round "2.4"]
[White "Margadgua Erdenebayar"]
[Black "Bayarmaa, Bayarjargal"]
[Result "0-1"]
[ECO "B90"]
[WhiteElo "1934"]
[BlackElo "2167"]
[Annotator "TA"]
[PlyCount "98"]
[EventDate "2023.05.22"]
[EventType "tourn"]
[EventCountry "MGL"]
[SourceTitle "playchess.com"]
[Source "ChessBase"]
[SourceQuality "1"]
[TimeControl "40/5400+30:1800+30"]

1. e4 c5 2. Nf3 d6 3. d4 cxd4 4. Nxd4 Nf6 5. Nc3 a6 6. h3 e5 7. Nb3 b5 {[%emt 0:01:40] 7...Be7 is becoming the main line. B90: Sicilian Najdorf: Unusual White 6th moves, 6 Be3 Ng4 and 6 Be3 e5.} ({Black should play} 7... Be7 $11) 8. Be3 ({White should try} 8. Bg5 $14) 8... Be6 (8... Bb7 $5 ) 9. Qf3 {[%emt 0:10:28] [#]} Nc6 $146 {[%emt 0:06:39] The position is equal.} ({Predecessor:} 9... Nbd7 10. g4 h6 11. O-O-O Rc8 12. Nd5 Bxd5 13. exd5 Nb6 14. Kb1 Nc4 15. Bd3 Be7 {1-0 Jakubowski,K (2475)-Simonian,H (2431) Titled Tuesday intern op 31st Jan Early blitz 2023 (4)}) 10. O-O-O Qc7 11. g4 h6 12. Kb1 Rc8 13. g5 (13. Qg2 $16) 13... hxg5 $11 14. Bxg5 Be7 15. Rg1 Na5 16. Nxa5 Qxa5 17. Nd5 Bxd5 (17... Qa4 18. b3 (18. Bxf6 $2 Qxc2+ 19. Ka1 Qc1+ {[%mdl 64] Back Rank} 20. Rxc1 Rxc1#) 18... Qa3 19. Bxf6 (19. Nxf6+ gxf6 20. Bxf6 Bxf6 $16) 19... gxf6 20. Nxf6+ Kd8 21. Nd5 $16) 18. exd5 Qa4 19. Qf5 Rc7 20. Bxf6 Bxf6 $40 {[%emt 0:02:31][%mdl 128] Black mounts an attack.} 21. Rg4 b4 22. Qd3 a5 23. Rc4 Qd7 24. Rxc7 Qxc7 25. Be2 {[%emt 0:00:24] White is weak on the dark squares} Ke7 26. Bg4 Rb8 27. Rf1 a4 28. Qe4 Kf8 29. Be2 a3 30. Bc4 g6 31. f4 $2 {[%emt 0:02:59] Loses the game.} (31. h4 $17) 31... exf4 $19 32. Qxf4 Be5 33. Qg4 {[%emt 0:00:01][%cal Og4g6] [#]} Kg7 (33... Bxb2 34. Qxg6 Re8 35. Qh5 $17 (35. Qh6+ Bg7 $15)) 34. h4 {[%emt 0:00:01] [#]} Rh8 ({Worse is} 34... Bxb2 35. h5 $15) 35. Rf3 $2 (35. Bb3) 35... Bxb2 {[%emt 0:00:48] aiming for ...Qe7.} (35... axb2 $2 {is the wrong capture.} 36. Rf1 $19) 36. Rh3 (36. Bb5 $142) 36... Qe7 {[%emt 0:00:27] ( -> ...Qe1+)} 37. Qe2 {[%emt 0:00:38] Repels Qe1+} Qd7 38. Rh1 Rh5 39. Qe1 Bc3 40. Qg3 Qe7 {[%emt 0:00:00] ...Qe4 would be deadly.} 41. Bd3 {[%emt 0:12:04] Wards off Qe4} Bf6 42. Rg1 Bxh4 (42... Rxh4 $2 {loses.} 43. Bxg6 Qe5 44. Bf5+ Kf8 45. Qxe5 dxe5 46. d6 $19) 43. Qf4 Bf6 {[%emt 0:03:20] Strongly threatening ...Rh4.} 44. Qxb4 Qe5 45. c3 Qe3 46. Rd1 Rxd5 (46... Rh1 $142 47. Bf1 Rxf1 {[%mdl 64] Remove Defender, Decoy} 48. Rxf1 Qd3+ 49. Kc1 Qxf1+ 50. Kc2 Qe2+ 51. Kb3 Qb2+ 52. Ka4 Qxa2 53. c4 Bb2 54. Kb5 Qb1 55. Kc6 a2 56. c5 a1=Q 57. Kb7 Kf8 58. Kc7 Bd4 59. Qxb1 Qxb1 60. Kc8 Bxc5 61. Kc7 Ke7 62. Kc8 Bd4 63. Kc7 Ba7 64. Kc8 Qb8#) 47. Bc2 Rxd1+ {[%emt 0:00:14][%mdl 64] Remove Defender, Deflection, Back Rank. Black mates.} 48. Bxd1 Qd3+ 49. Kc1 Bg5+ {[%emt 0:00:12] Weighted Error Value: White=0.61/Black=0.29 (precise)} 0-1

[Event "53rd Mongolian Women-ch 2023"]
[Site "Khovd"]
[Date "2023.05.22"]
[Round "2.5"]
[White "Enkhbolor Nyamdavaa"]
[Black "Amin-Erdene, Bayanmunkh"]
[Result "1-0"]
[ECO "C16"]
[WhiteElo "1699"]
[BlackElo "1620"]
[Annotator "NA COMBH"]
[PlyCount "55"]
[EventDate "2023.05.22"]
[EventType "tourn"]
[EventCountry "MGL"]
[SourceTitle "playchess.com"]
[Source "ChessBase"]
[SourceQuality "1"]
[TimeControl "40/5400+30:1800+30"]

1. e4 e6 2. d4 d5 3. Nc3 Bb4 4. e5 b6 5. a3 Bf8 6. Bb5+ c6 7. Ba4 Ne7 8. Nf3 Nf5 9. Ne2 Be7 10. c3 O-O 11. Bc2 c5 12. h4 g6 13. h5 Ba6 14. hxg6 fxg6 15. Nf4 Bc8 16. Nh3 Rf7 17. Nhg5 Bxg5 18. Nxg5 Rg7 19. g4 Ne7 20. Qf3 Qd7 21. Nxh7 Rxh7 22. Rxh7 Kxh7 23. Qf7+ Kh8 24. Bh6 Nf5 25. Qf8+ Kh7 26. gxf5 exf5 27. O-O-O g5 28. Rh1 1-0

[Event "53rd Mongolian Women-ch 2023"]
[Site "Khovd"]
[Date "2023.05.22"]
[Round "2.6"]
[White "Khuslen, Erdenebayar"]
[Black "Bayasgalan, Khishigbaatar"]
[Result "1-0"]
[ECO "A40"]
[WhiteElo "1835"]
[BlackElo "1811"]
[Annotator "NA COMBH"]
[PlyCount "59"]
[EventDate "2023.05.22"]
[EventType "tourn"]
[EventCountry "MGL"]
[SourceTitle "playchess.com"]
[Source "ChessBase"]
[SourceQuality "1"]
[TimeControl "40/5400+30:1800+30"]

1. d4 e6 2. c4 b6 3. Nc3 Bb7 4. e4 Bb4 5. f3 f5 6. Bd3 Bxc3+ 7. bxc3 fxe4 8. fxe4 Bxe4 9. Qh5+ g6 10. Qe5 Bxg2 11. Qxh8 Qh4+ 12. Kd1 Kf8 13. Ba3+ d6 14. Kc2 Nd7 15. Ne2 Kf7 16. Rhg1 Be4 17. Rxg6 Bxg6 18. Bxg6+ Kxg6 19. Rg1+ Kf5 20. Ng3+ Kf4 21. Rf1+ Kg4 22. Qg7+ Qg5 23. Qxd7 Qg6+ 24. Kb2 Re8 25. Rf7 Nf6 26. Rxf6 Qxf6 27. Qxe8 Qf2+ 28. Kb3 Qe1 29. Qh5+ Kf4 30. Bc1+ 1-0